 Dungeon Crawl Stone Soup version 0.30.0-29-ga12c61a403 (webtiles) character file.

Game seed: 17581279475052044634

1364 Josd the Skirmisher (level 8, -4/69 HPs)
             Began as a Minotaur Hunter on June 9, 2023.
             Was an Initiate of Hepliaklqana.
             Slain by a chaos spawn (8 damage)
             ... summoned by a kobold demonologist
             ... on level 6 of the Dungeon.
             The game lasted 00:11:34 (6069 turns).

Josd the Skirmisher (Minotaur Hunter)               Turns: 6069, Time: 00:11:34

Health: -4/69      AC:  7    Str: 14 (15) XL:     8   Next: 38%
Magic:  7/7        EV: 12    Int:  3 (6)  God:    Hepliaklqana [......]
Gold:   147        SH:  0    Dex: 14 (17) Spells: 7/7 levels left

rFire   . . .        a - +1 shortbow (freeze)
rCold   . . .        (shield currently unavailable)
rNeg    . . .        c - +0 leather armour
rPois   .            (helmet restricted)
rElec   .            p - +0 cloak
rCorr   .            (no gloves)
SInv    .            w - +0 pair of boots
Will    .....        (no amulet)
Stlth   ++           (no ring)
HPRegen 0.31/turn    (no ring)
MPRegen 0.10/turn

%: no passive effects
@: mighty
A: horns 2, retaliatory headbutt, iridescent scales 1
a: Renounce Religion


You were on level 6 of the Dungeon.
You worshipped Hepliaklqana.
Hepliaklqana was noncommittal.
You visited 2 branches of the dungeon, and saw 7 of its levels.

You collected 210 gold pieces.
You spent 63 gold pieces at shops.

Inventory:

Hand Weapons
 a - a +1 shortbow of freezing (weapon)
 e - a +2 dagger of speed
 g - a +3 short sword of draining
Armour
 c - a +0 leather armour (worn)
 p - a +0 cloak (worn)
 w - a +0 pair of boots (worn)
Jewellery
 t - an amulet of magic regeneration
Wands
 h - a wand of roots (10)
 j - a wand of paralysis (22)
 v - a wand of polymorph (20)
Scrolls
 b - 3 scrolls of immolation
Potions
 d - 5 potions of curing
 f - 3 potions of lignification {unknown}
 i - a potion of brilliance {unknown}
 o - a potion of attraction
 u - a potion of flight {unknown}


   Skills:
 + Level 5.4 Fighting
 + Level 10.3 Ranged Weapons
 + Level 3.5 Armour
 + Level 3.0 Dodging
 + Level 1.3 Stealth


You had 7 spell levels left.
You didn't know any spells.
Your spell library contained the following spells:

 Spells                   Type           Power      Damage    Failure   Level
 Kiss of Death            Conj/Necr      0%         2d5       58%         1
 Sublimation of Blood     Necr           0%         N/A       75%         2
 Wereblood                Tmut           0%         N/A       75%         2
 Confusing Touch          Hex            0%         N/A       92%         3
 Dispel Undead            Necr           0%         3d6       100%        4
 Summon Hydra             Summ           0%         N/A       100%        7


Dungeon Overview and Level Annotations

Branches:
Dungeon (6/15)             Temple (1/1) D:5

Altars:
Ashenzari
Cheibriados
Dithmenos
Elyvilon
Fedhas
Gozag
Hepliaklqana
Kikubaaqudgha
Nemelex Xobeh
Okawaru
Ru
Sif Muna
Vehumet
Wu Jian
Xom
Yredelemnul
Zin
The Shining One

Shops:
D:3 [


Innate Abilities, Weirdness & Mutations

You have a pair of horns on your head.
You reflexively headbutt those who attack you in melee.
You are partially covered in iridescent scales. (AC +2)


Message History

The sixfirhy shocks you!
* * * LOW HITPOINT WARNING * * *
Aiming: Polymorph
Press: ? - help, Shift-Dir - straight line, f - sixfirhy, p - chaos spawn
Aim: a sixfirhy (lightly wounded, summoned, will become a smoke demon, a hellion, or a sun demon, chance to affect: 17%)
Okay, then.
Aiming: Polymorph
Press: ? - help, Shift-Dir - straight line, f - sixfirhy, p - chaos spawn
Aim: a sixfirhy (lightly wounded, summoned, will become a smoke demon, a hellion, or a sun demon, chance to affect: 17%)
The sixfirhy resists with almost no effort.
It was a potion of magic.
Magic courses through your body.
It was a potion of degeneration.
There was something very wrong with that liquid.
You feel weakened.
You feel dopey.
You feel clumsy. The sixfirhy hits you!
* * * LOW HITPOINT WARNING * * *
The sixfirhy shocks you!
* * * LOW HITPOINT WARNING * * *
The sixfirhy hits you but does no damage.
The sixfirhy closely misses you. You furiously retaliate!
You headbutt the sixfirhy.
It was a potion of heal wounds.
You feel much better. The sixfirhy hits you!
* * * LOW HITPOINT WARNING * * *
The sixfirhy shocks you!
* * * LOW HITPOINT WARNING * * *
The sixfirhy misses you. The sixfirhy barely misses you.
The sixfirhy hits you but does no damage.
It was a potion of might.
You feel very mighty all of a sudden.
The sixfirhy disappears in a puff of smoke!
The kobold demonologist mumbles some strange words.
Fire: a) +1 shortbow (freeze)
Press: ? - help, Q - select action, (/) - cycle Shift-Dir - straight line, f - kobold demonologist
Aim: a kobold demonologist, wielding a +0 dagger and wearing a +0 robe (lightly wounded, 58% to hit)
You shoot an arrow. The arrow hits the chaos spawn.
The arrow freezes the chaos spawn.
The chaos spawn is lightly wounded.
The kobold demonologist gestures wildly while chanting.
The chaos spawn hits you!
You die...

###### #.# *,***,**** #.#
*,*,*,,,,, **********#.##
*,***,***, **~~~~~~~~*#..##
*,,,,,* *, *~~~~≈≈≈≈≈≈##..##
***,,** *, ~~~~~≈≈≈≈≈≈≈##..##
*,** *, ~~~~~≈≈≈≈≈≈≈≈##..# *,* *,
~~~~~≈≈≈≈≈≈≈≈≈##.# *,* *,
~~~~~≈≈≈≈≈≈≈≈≈≈#@# **,*****,
~~~~~≈≈≈≈≈≈≈≈≈≈#4# **,,*,,,,,
~~~~⌠..⌠≈≈≈S≈≈≈#Y# **,,**,,,,,
~~~~,....$.K.3.5K#*****,,***,,,,,
~~~~,......Y.4.'5#*,,,,,** *,,,,,
~~~~⌠..⌠≈≈≈≈≈≈≈#.#*,,,,,* *,,,,,
~~~~~≈≈≈≈≈≈≈≈≈≈#.#*,,,,** *,,,,,
~~~~~≈≈≈≈≈≈≈≈≈≈#.#*,,,,* *****,
~~~~~≈≈≈≈≈≈≈≈≈##.#*,,,,* *,


You could see a kobold demonologist, a yak, a chaos spawn (summoned), a quasit
(summoned) and a crimson imp (summoned).

Vanquished Creatures
  Sigmund (D:2)
  Eustachio (D:5)
  An ice beast (D:5)
  An orc warrior (D:5)
  A sky beast (D:6)
  A scorpion (D:5)
  A jelly (D:5)
  3 orc priests (D:6)
  3 hounds
  Terence (D:2)
  A sleepcap (D:6)
  Jessica (D:2)
  3 iguanas (D:5)
  5 orc wizards
  Robin (D:2)
  8 gnolls
  4 adders
  A white imp (D:4)
  A worm (D:4)
  4 dart slugs
  13 orcs
  5 endoplasms
  2 giant cockroaches
  16 goblins
  13 hobgoblins
  6 jackals
  6 kobolds
  A quokka (D:1)
  5 ball pythons
  8 bats
  4 rats
  A butterfly (D:5)
123 creatures vanquished.

Notes
Turn   | Place    | Note
-------+----------+-------------------------------------------
     0 | D:1      | Josd the Minotaur Hunter began the quest for the Orb.
     0 | D:1      | Reached XP level 1. HP: 18/18 MP: 0/0
   125 | D:1      | Reached XP level 2. HP: 25/25 MP: 1/1
   174 | D:1      | Reached skill level 5 in Ranged Weapons
   448 | D:1      | Reached XP level 3. HP: 30/30 MP: 2/2
   619 | D:2      | Noticed Sigmund
   722 | D:2      | Killed Sigmund
   723 | D:2      | Reached skill level 6 in Ranged Weapons
   723 | D:2      | Reached XP level 4. HP: 13/38 MP: 3/3
   723 | D:2      | Reached XP level 5. HP: 15/45 MP: 4/4
   983 | D:2      | Noticed Jessica
   987 | D:2      | Killed Jessica
  1244 | D:2      | Noticed Robin
  1247 | D:2      | Noticed Terence
  1257 | D:2      | Killed Robin
  1258 | D:2      | Reached skill level 7 in Ranged Weapons
  1265 | D:2      | Killed Terence
  1266 | D:2      | Reached XP level 6. HP: 31/51 MP: 5/5
  1384 | D:2      | Found a sacrificial altar of Ru.
  2265 | D:3      | Found Daanenepp's Armour Emporium.
  2269 | D:3      | Bought a +0 cloak for 63 gold pieces
  3332 | D:5      | Entered Level 5 of the Dungeon
  3376 | D:5      | Reached skill level 8 in Ranged Weapons
  3380 | D:5      | Noticed an orc warrior
  3385 | D:5      | Killed an orc warrior
  3386 | D:5      | Reached skill level 1 in Stealth
  3386 | D:5      | Reached XP level 7. HP: 33/59 MP: 6/6
  3536 | D:5      | Found a staircase to the Ecumenical Temple.
  3543 | Temple   | Entered the Ecumenical Temple
  3831 | Temple   | Became a worshipper of Hepliaklqana the Forgotten
  4349 | D:5      | Reached skill level 9 in Ranged Weapons
  4716 | D:5      | Noticed Eustachio
  4721 | D:5      | Killed Eustachio
  5048 | D:5      | Reached XP level 8. HP: 67/67 MP: 7/7
  5060 | D:5      | Reached skill level 5 in Fighting
  5899 | D:6      | Reached skill level 10 in Ranged Weapons
  5921 | D:6      | Gained mutation: You are partially covered in iridescent
                  | scales. (AC +2) [potion of mutation]
  6053 | D:6      | Noticed a kobold demonologist
  6057 | D:6      | Noticed a sixfirhy
  6066 | D:6      | HP: 2/69 [sixfirhy[a kobold demonologist] (9)]
  6069 | D:6      | Slain by a chaos spawn

Illustrated notes

Levels and vault maps discovered:
D:1:      kennysheep_arrival_seaside, layout_rooms, minmay_circled_x
D:2:      layout_rooms, basic_altar, uniq_sigmund, uniq_jessica, uniq_robin,
          uniq_terence
D:3:      layout_basic, serial_shops, shop, shapermc_ecumenical_altar_petra
D:4:      layout_basic, kennysheep_path_1
D:5:      layout_layer_cave, minmay_temple_entry_butterflies, uniq_eustachio
D:6:      kennysheep_big_flooded_room, layout_basic, trog_butcher_becter,
          serial_shops, shop, item_on_display_a
Temple:   eino_narrow_crystal_temple

Skill      XL: |  1  2  3  4  5  6  7  8 |
---------------+-------------------------+-----
Ranged Weapons | 5 6 7 8 9 10 | 10.3
Fighting       | 3 4 5 |  5.4
Armour         | 2 3 |  3.5
Stealth        | 1 |  1.3
Dodging        | 3 |  3.0

Action                     |  1- 3 |  4- 6 |  7- 9 || total
---------------------------+-------+-------+-------++-------
  Melee: Shortbow          |       |     2 |     2 ||     4
         Headbutt          |       |     1 |       ||     1
   Fire: Shortbow          |    60 |   196 |   120 ||   376
  Evoke: Wand              |       |       |     1 ||     1
    Use: Scroll            |       |     9 |     3 ||    12
         Potion            |       |       |     5 ||     5
 Armour: Leather armour    |     6 |    20 |    24 ||    50
  Dodge: Dodged            |    11 |    49 |    38 ||    98
